 Dungeon Crawl Stone Soup version 0.29.1-1-gd02db6906a (webtiles) character file.

Game seed: 1050451780467462564

4 GigaChad the Trooper (level 1, -2/18 HPs)
             Began as a Demonspawn Berserker on Sept 19, 2022.
             Was a Follower of Trog.
             Killed from afar by a dart slug (4 damage)
             ... with a slug dart
             ... on level 1 of the Dungeon.
             The game lasted 00:00:47 (157 turns).

GigaChad the Trooper (Demonspawn Berserker)          Turns: 157, Time: 00:00:47

Health: -2/18      AC:  2    Str: 17    XL:     1   Next: 58%
Magic:  1/1        EV: 12    Int:  8    God:    Trog [*.....]
Gold:   0          SH:  0    Dex: 12    Spells: 0/0 levels left

rFire   . . .      SeeInvis .   a - +0 falchion
rCold   . . .      Faith    .   (no shield)
rNeg    . . .      Spirit   .   b - +0 animal skin
rPois   .          Reflect  .   (no helmet)
rElec   .          Harm     .   (no cloak)
rCorr   .          Rampage  .   (no gloves)
Will    .....                   (no boots)
Stlth   +.........              (no amulet)
HPRegen 0.06/turn               (no ring)
MPRegen 0.07/turn               (no ring)

@: no status effects
A: no striking features
a: Renounce Religion, Berserk


You were on level 1 of the Dungeon.
You worshipped Trog.
Trog was aware of your devotion.
You visited 1 branch of the dungeon, and saw 1 of its levels.

Inventory:

Hand Weapons
 a - a +0 falchion (weapon)
Armour
 b - a +0 animal skin (worn)
Scrolls
 c - a scroll of acquirement {unknown}
Potions
 d - a potion of curing {unknown}


   Skills:
 + Level 3.1 Fighting
 + Level 2.8 Long Blades
 + Level 1.8 Armour
 + Level 1.8 Dodging


You couldn't memorise any spells.
You didn't know any spells.
Your spell library was empty.

Dungeon Overview and Level Annotations

Branches:
Dungeon (1/15)

Altars:


Message History

The bat closely misses you.
You closely miss the bat. The bat closely misses you.
The giant cockroach closely misses you. The bat barely misses you.
The giant cockroach barely misses you.
Things that are here:
a +0 dagger; a goblin corpse The bat misses you.
The giant cockroach bites you but does no damage.
The dart slug launches a dart at you. The slug dart misses you.
The giant cockroach bites you but does no damage.
The bat hits you but does no damage.
The giant cockroach bites you but does no damage.
The bat hits you. The dart slug launches a dart at you.
The slug dart misses you. The giant cockroach bites you. The bat hits you.
The bat barely misses you. The giant cockroach barely misses you.
The dart slug launches a dart at you. The slug dart hits you.
* * * LOW HITPOINT WARNING * * *
You hit the giant cockroach.
The giant cockroach is heavily wounded.
The bat hits you but does no damage. The giant cockroach closely misses you.
The dart slug bites you but does no damage.
You hit the giant cockroach.
The giant cockroach is severely wounded.
The bat hits you but does no damage. The bat barely misses you.
The giant cockroach bites you.
* * * LOW HITPOINT WARNING * * *
The giant cockroach barely misses you.
You slash the giant cockroach!
You kill the giant cockroach!
Trog accepts your kill. The bat hits you but does no damage.
The dart slug closely misses you. The bat closely misses you. The bat hits you.
* * * LOW HITPOINT WARNING * * *
The bat hits you but does no damage. The bat completely misses you.
The dart slug launches a dart at you. The slug dart hits you.
You die...

.....######..........
#..#..................
#.##########.#######.#
#.# #†..#####.## #.#
###........##. #.#
#......#.... #.#
##......... #.# ###
#.....### #.# ...#
#)@.w.# #.##..#.. #.b...#
.........................
#.#####..........b..#..##
#.# ..............## #.#
....#......##.# #.#
#.....#.##.. ... #.#
#.....#.. ##. #.. #.#
#.....##. .. ..


You could see a dart slug and 2 bats.

Vanquished Creatures
  A giant cockroach (D:1)
  A goblin (D:1)
  A kobold (D:1)
  A bat (D:1)
4 creatures vanquished.

Notes
Turn   | Place    | Note
-------+----------+-------------------------------------------
     0 | D:1      | GigaChad the Demonspawn Berserker began the quest for the
                  | Orb.
     0 | D:1      | Reached XP level 1. HP: 18/18 MP: 1/1
   157 | D:1      | Killed from afar by a dart slug

Illustrated notes

Levels and vault maps discovered:
D:1:      nicolae_arrival_memento_mori, layout_rooms, minmay_crystal_water

Action                   || total
-------------------------++-------
Melee: Falchion          ||    12
Armor: Animal skin       ||     9
Dodge: Dodged            ||    26
